Map: Lightshade LE

Players

Serral

  • Race: Zerg Zerg

Clem - Winner!

  • Race: Terran Terran

Event: DreamHack SC2 Masters 2021 Winter

VOD

Have the link to the VOD?

Description

Time

  • Played on: Oct. 15, 2021, 11:36 a.m.
  • Length: 9:59

All games in this series

Show
View Real Time Build Order
Export as new Build Order

Serral Zerg 

Build Orders: Hatch First 

Get SALT Encoding   

  12  0:00  Drone  
  13  0:12  Overlord  
  13  0:16  Drone  
  14  0:30  Drone x2  
  16  0:47  Hatchery  
  15  0:50  Drone  
  15  0:54  Drone  
  18  0:57  Drone  
  18  1:08  Extractor  
  17  1:12  Spawning Pool  
  17  1:16  Drone  
  17  1:19  Drone  
  18  1:27  Drone  
  19  1:38  Drone  
  20  1:49  Drone  
  21  1:59  Queen x2  
  21  2:00  Zergling x4  
  27  2:10  Zergling x2  
  27  2:11  Overlord  
  28  2:21  Hatchery  
  27  2:24  Drone  
  28  2:30  Drone  
  28  2:31  Drone  
  30  2:37  Drone  
  30  2:39  Metabolic Boost  
  30  2:45  Queen  
  30  2:50  Overlord  
  32  2:54  Drone  
  32  2:55  Drone  
  32  2:58  Drone  
  35  3:04  Overlord  
  35  3:09  Drone  
  35  3:10  Drone x2  
  38  3:13  Drone  
  38  3:17  Queen  
  41  3:21  Drone  
  41  3:23  Drone  
  43  3:27  Queen  
  43  3:33  Zergling x2  
  46  3:37  Overlord  
  45  3:41  Zergling x8  
  45  3:44  Drone x2  
  45  3:46  Drone  
  48  3:58  Zergling x4  
  49  4:06  Evolution Chamber  
  49  4:08  Drone x4  
  47  4:10  Drone  
  47  4:11  Drone  
  47  4:15  Drone x2  
  51  4:20  Drone  
  52  4:25  Drone  
  53  4:31  Drone x2  
  53  4:35  Queen  
  53  4:36  Drone  
  53  4:38  Drone x2  
  60  4:43  Drone x3  
  62  4:48  Lair  
  62  4:49  Drone, Extractor  
  62  4:51  Spore Crawler  
  62  4:52  Zergling x2  
  62  4:54  Zergling x2  
  62  4:55  Zergling x2  
  62  4:56  Drone  
  62  4:59  Drone, Extractor  
  65  5:00  Drone, Extractor  
  65  5:02  Overlord  
  65  5:06  Overlord  
  67  5:20  Overlord  
  67  5:22  Overlord  
  67  5:25  Drone x7  
  74  5:35  Overlord  
  74  5:36  Drone x3, Evolution Chamber x2, Extractor  
  74  5:37  Extractor  
  74  5:40  Drone x2  
  74  5:42  Drone  
  76  5:43  Drone, Roach Warren  
  76  5:45  Drone x2  
  76  5:47  Drone  
  76  5:48  Drone  
  79  5:56  Zergling x4  
  77  5:57  Zergling x4  
  77  6:00  Drone x3  
  77  6:03  Drone x2  
  83  6:09  Zerg Missile Weapons Level 1  
  83  6:10  Zerg Ground Armor Level 1  
  83  6:13  Extractor  
  83  6:16  Overlord  
  82  6:19  Overlord  
  82  6:23  Glial Reconstitution  
  82  6:24  Roach  
  82  6:25  Roach x3  
  90  6:28  Roach  
  90  6:29  Roach  
  90  6:32  Roach  
  96  6:36  Roach x2  
  96  6:37  Roach x2  
  104  6:40  Overlord  
  104  6:41  Overlord  
  104  6:45  Roach x2  
  108  6:54  Roach x4  
  108  6:58  Roach  
  108  6:59  Roach x2  
  119  7:04  Ravager, Roach x4  
  119  7:07  Extractor  
  124  7:10  Overlord  
  124  7:11  Overlord  
  124  7:12  Overlord  
  124  7:15  Overlord  
  123  7:26  Roach x5  
  113  7:30  Roach  
  113  7:34  Roach x4  
  117  7:37  Overseer  
  117  7:40  Roach x3  
  123  7:45  Roach  
  123  7:46  Ravager x2, Roach  
  123  7:47  Ravager  
  123  7:49  Overseer  
  130  7:52  Roach x2  
  130  7:55  Roach  
  136  7:59  Overlord  
  136  8:04  Zergling x8  
  136  8:05  Ravager  
  141  8:08  Overlord  
  141  8:15  Overlord  
  141  8:18  Roach x2  
  145  8:26  Roach x4  
  136  8:29  Roach x5  
  136  8:32  Roach x2  
  146  8:34  Roach  
  146  8:38  Roach  
  145  8:48  Roach  
  145  8:49  Roach  
  147  8:55  Ravager  
  147  8:56  Ravager, Roach x3  
  147  8:57  Roach  
  147  9:01  Ravager x2  
  147  9:02  Roach  
  146  9:16  Roach x7  
  141  9:19  Roach x2  
  137  9:25  Roach x2  
  137  9:31  Roach  
  137  9:36  Roach x3  
  137  9:37  Roach x2  
Show
View Real Time Build Order
Export as new Build Order

Clem Terran - Winner!

Build Orders: Gas First Reaper Expand, Liberator Opening 

Get SALT Encoding   

  12  0:00  SCV  
  13  0:12  SCV  
  14  0:16  Supply Depot  
  14  0:24  SCV  
  14  0:27  Refinery  
  15  0:38  SCV  
  16  0:44  Barracks  
  16  0:50  SCV  
  17  1:02  SCV  
  18  1:14  SCV  
  19  1:30  Orbital Command  
  19  1:31  Reaper  
  20  1:41  Command Center  
  20  1:48  Supply Depot  
  20  1:55  SCV  
  21  2:06  Barracks Reactor  
  21  2:07  Factory  
  21  2:10  SCV  
  22  2:19  Refinery  
  22  2:22  SCV  
  23  2:34  SCV  
  24  2:47  SCV  
  25  2:51  Starport  
  25  2:53  Orbital Command  
  25  2:56  Hellion x2, Marine  
  30  3:00  SCV  
  31  3:05  Supply Depot  
  31  3:12  SCV  
  32  3:18  Hellion x2  
  37  3:21  SCV  
  37  3:24  SCV  
  38  3:29  Liberator  
  41  3:34  SCV  
  41  3:36  SCV, Barracks Tech Lab  
  43  3:42  Hellion  
  43  3:45  Hellion  
  43  3:46  SCV  
  43  3:48  Supply Depot  
  46  3:50  SCV  
  47  3:58  SCV  
  45  4:02  SCV  
  45  4:03  Hellion  
  45  4:07  Hellion  
  48  4:10  SCV  
  48  4:11  Supply Depot  
  48  4:12  Stimpack  
  48  4:15  SCV  
  48  4:24  SCV  
  48  4:26  Command Center  
  48  4:27  SCV, Starport Reactor  
  48  4:29  Marine  
  51  4:34  Hellion  
  51  4:35  Hellion  
  56  4:38  SCV  
  56  4:43  SCV, Barracks  
  57  4:46  Marine  
  57  4:50  SCV, Barracks  
  59  4:55  SCV  
  60  5:01  Supply Depot  
  60  5:02  SCV  
  60  5:03  Refinery  
  60  5:04  Marine  
  62  5:07  SCV  
  62  5:10  Factory Tech Lab  
  62  5:11  Engineering Bay  
  62  5:13  Engineering Bay  
  63  5:15  Starport Reactor  
  63  5:16  SCV  
  63  5:19  SCV  
  65  5:22  Refinery, Marine  
  65  5:28  Supply Depot, SCV  
  67  5:30  Siege Tank  
  67  5:32  SCV  
  71  5:37  Marine x2  
  71  5:40  SCV, Marine, Orbital Command  
  71  5:41  Terran Infantry Weapons Level 1  
  75  5:44  Terran Infantry Armor Level 1  
  75  5:49  Marine  
  76  5:50  Marine  
  76  5:55  SCV, Marine  
  76  5:56  Marine  
  78  5:59  Medivac x2  
  78  6:00  Marine, Orbital Command  
  78  6:02  SCV  
  78  6:03  Supply Depot  
  82  6:07  SCV, Siege Tank  
  86  6:12  Marine x2  
  86  6:14  SCV, Combat Shield  
  86  6:15  Marine  
  90  6:19  Supply Depot  
  90  6:20  Marine x2  
  90  6:22  SCV  
  93  6:26  SCV  
  93  6:27  SCV  
  93  6:30  Marine  
  93  6:31  Supply Depot  
  96  6:34  SCV, Marine  
  96  6:35  Marine  
  96  6:39  SCV  
  100  6:41  SCV, Siege Tank  
  100  6:44  Marine x2  
  100  6:45  Supply Depot x2  
  100  6:46  SCV  
  107  6:48  Marine  
  107  6:51  Marine  
  107  6:53  Marine  
  107  6:54  Medivac x2  
  112  6:56  SCV  
  113  7:01  Marine  
  113  7:03  Marine  
  113  7:05  SCV  
  113  7:06  Barracks x2  
  113  7:08  Marine  
  113  7:10  SCV  
  113  7:13  Armory  
  113  7:14  Marine  
  116  7:16  Siege Tank  
  116  7:17  SCV  
  116  7:18  Supply Depot  
  116  7:19  Marine  
  116  7:21  Refinery  
  121  7:23  Factory  
  121  7:24  Bunker  
  121  7:26  Marine  
  121  7:29  Medivac x2, Marine x2  
  115  7:30  SCV  
  115  7:31  SCV  
  115  7:33  Marine  
  115  7:37  Marine  
  115  7:43  SCV x2  
  118  7:44  Marine  
  118  7:45  SCV  
  118  7:47  Marauder, Marine  
  118  7:48  Bunker  
  118  7:50  Siege Tank  
  118  7:51  Marine  
  127  7:52  Concussive Shells  
  127  7:53  Barracks Tech Lab  
  127  7:54  Barracks Reactor  
  127  7:56  Supply Depot  
  127  7:57  Refinery  
  126  8:02  Marine x2  
  127  8:06  Marine  
  127  8:08  Marine  
  127  8:09  Marine  
  127  8:10  Factory Tech Lab  
  130  8:16  Supply Depot x3  
  131  8:20  Marine x2  
  124  8:29  Medivac, Siege Tank  
  124  8:32  Marine x3  
  124  8:33  Marine x2  
  132  8:36  Marauder  
  132  8:38  Refinery, Marine  
  132  8:40  Marine  
  136  8:42  Supply Depot  
  136  8:43  Siege Tank  
  139  8:50  Marine x3  
  139  8:52  Command Center  
  139  8:55  Marine  
  142  8:56  Marauder  
  142  9:01  Siege Tank  
  142  9:02  Marine x2  
  147  9:06  Supply Depot  
  143  9:14  Marauder, Marine x2  
  143  9:15  SCV, Siege Tank  
  141  9:21  SCV x2  
  141  9:22  Command Center  
  139  9:26  Marine x2  
  139  9:27  Marauder, Marine x2  
  143  9:32  Supply Depot, Marine  
  143  9:36  Marine x2  

Tags
 
Add a new tag
Caveats
  • Supply blocks, unpowered buildings, or Contaminate may cause inaccurate times.
  • Supply counts are checked every 10 seconds.